 Dungeon Crawl Stone Soup version 0.28.0-43-g3370ac3207 (webtiles) character file.

Game seed: 4372768570690043616

2739 Descartes the Ducker (level 9, -4/42 HPs)
             Began as a Deep Elf Wanderer on Mar 18, 2022.
             Was a High Priest of Hepliaklqana.
             Killed from afar by Maurice (26 damage)
             ... with a bolt of acid
             ... on level 7 of the Dungeon on Mar 19, 2022.
             The game lasted 00:28:39 (10645 turns).

Descartes the Ducker (Deep Elf Wanderer)           Turns: 10645, Time: 00:28:39

Health: -4/42      AC:  5    Str: 12      XL:     9   Next: 40%
Magic:  4/18       EV: 14    Int: 20 (21) God:    Hepliaklqana [*****.]
Gold:   368        SH:  0    Dex: 12      Spells: 4/18 levels left

rFire   . . .      SeeInvis +   p - +2 whip (vamp)
rCold   . . .      Faith    .   H - orb {*channel}
rNeg    . . .      Spirit   .   D - +2 leather armour of a treasure trove {Regen+ SInv}
rPois   .          Reflect  .   (no helmet)
rElec   .          Harm     .   x - +0 cloak
rCorr   .          Rampage  .   r - +1 pair of gloves
Will    .....                   s - +0 pair of boots
Stlth   +++.......              j - amulet of regeneration
HPRegen 1.74/turn               (no ring)
MPRegen 0.16/turn               (no ring)

@: corroded
A: reduced essence
a: Renounce Religion, Recall Ancestor, Ancestor Identity, Transference, Idealise


You were on level 7 of the Dungeon.
You worshipped Hepliaklqana.
Hepliaklqana was extremely pleased with you.
You visited 2 branches of the dungeon, and saw 9 of its levels.

You collected 368 gold pieces.

Inventory:

Hand Weapons
 o - a +1 dagger of speed
 p - a +2 vampiric whip (weapon)
 y - a +1 hand axe of electrocution
 R - a +0 shortbow of freezing
Missiles
 b - 18 poisoned darts (quivered)
 d - 247 stones
 k - 2 throwing nets
 A - 58 bolts
 K - 75 arrows
 L - 6 boomerangs
Armour
 e - a +1 scale mail of willpower
 r - a +1 pair of gloves (worn)
 s - a +0 pair of boots (worn)
 x - a +0 cloak (worn)
 D - the +2 leather armour of a treasure trove (worn) {Regen+ SInv}
   (You found it on level 4 of the Dungeon)

   SInv:      It lets you see invisible.
   Regen:     It increases your rate of health regeneration.
 H - an orb of energy (worn)
Jewellery
 j - an amulet of regeneration (around neck)
Wands
 n - a wand of flame (33)
 E - a wand of paralysis (8)
 I - a wand of acid (5)
 J - a wand of iceblast (14)
Scrolls
 a - a scroll of blinking {unknown}
 f - 5 scrolls of noise {unknown}
 g - 3 scrolls of teleportation {unknown}
 h - a scroll of enchant armour {unknown}
 m - a scroll of silence {unknown}
 t - 3 scrolls of fear {unknown}
 u - a scroll of immolation {unknown}
 w - 2 scrolls of magic mapping {unknown}
 B - 3 scrolls of identify {unknown}
 G - a scroll of amnesia {unknown}
 N - a scroll of brand weapon {unknown}
 P - a scroll of fog {unknown}
Potions
 c - a potion of might {unknown}
 i - a potion of mutation {unknown}
 l - a potion of degeneration {unknown}
 q - 6 potions of curing {unknown}
 v - a potion of attraction {unknown}
 z - 3 potions of haste {unknown}
 F - 3 potions of heal wounds {unknown}
 M - a potion of lignification {unknown}
 O - a potion of cancellation {unknown}


   Skills:
 - Level 1.0 Fighting
 - Level 3.0 Throwing
 - Level 1.0 Armour
 + Level 6.9 Dodging
 + Level 6.2 Stealth
 + Level 5.2 Spellcasting
 + Level 4.3 Conjurations
 + Level 5.3 Hexes
 + Level 6.7 Summonings
 + Level 4.0 Invocations
 + Level 3.8 Evocations


You had 4 spell levels left.
You knew the following spells:

 Your Spells              Type           Power      Damage    Failure   Level
a - Summon Small Mammal   Summ           100%       N/A       1%          1
b - Call Canine Familiar  Summ           32%        N/A       2%          3
c - Summon Guardian Gole  Hex/Summ       29%        N/A       3%          3
d - Spellforged Servitor  Conj/Summ      13%        N/A       100%        7

Your spell library contained the following spells:

 Spells                   Type           Power      Damage    Failure   Level
 Shock                    Conj/Air       52%        1d6       6%          1
 Blink                    Tloc           10%        N/A       22%         2
 Mephitic Cloud           Conj/Pois/Air  11%        N/A       24%         3
 Ignite Poison            Fire/Tmut/Pois 5%         N/A       41%         3
 Swiftness                Air            5%         N/A       41%         3
 Airstrike                Air            2%         N/A       82%         4
 Freezing Cloud           Conj/Ice/Air   5%         6-21      91%         5
 Manifold Assault         Tloc           5%         N/A       99%         5
 Orb of Destruction       Conj           11%        9d6       100%        7
 Storm Form               Tmut/Air       2%         N/A       100%        7


Dungeon Overview and Level Annotations

Branches:
Dungeon (8/15)             Temple (1/1) D:4
   Lair: D:8-11

Altars:
Ashenzari
Dithmenos
Elyvilon
Fedhas
Gozag
Hepliaklqana
Kikubaaqudgha
Nemelex Xobeh
Okawaru
Qazlal
Ru
Trog
Uskayaw
Vehumet
Wu Jian
Xom
Yredelemnul
Zin

Annotations:
D:6 2 transporters, ciphuk's ghost, amateur FeFE
D:7 Maurice


Message History

Your bat barely misses the ice beast.
Maurice casts a spell.
Maurice flickers and vanishes for a moment.
Nenetl closely misses Maurice.
Your hound barely misses Maurice.
The ice beast hits you but does no damage.
Your bat closely misses Maurice.
You climb upwards.
Your summoned ally is left behind.
There is a stone staircase leading down here.
Casting: Summon Small Mammal (safe; 1% risk of failure)
Confirm with . or Enter, or press ? or * to list all spells.
Maurice hits you with a +0 dagger.
Maurice steals your +3 arbalest!
The ice beast closely misses you.
Casting: Summon Small Mammal (safe; 1% risk of failure)
Confirm with . or Enter, or press ? or * to list all spells.
Maurice hits you with a +0 dagger!
Maurice steals 2 of your 3 scrolls labelled CIES JILEOCAXT!
Nenetl hits Maurice with a +0 flail!
The ice beast barely misses you.
Casting: Summon Small Mammal (safe; 1% risk of failure)
Confirm with . or Enter, or press ? or * to list all spells.
Maurice mumbles some strange words.
Maurice puts on a burst of speed!
Nenetl hits Maurice with a +0 flail!
Your quokka closely misses the ice beast.
Your quokka completely misses the ice beast.
The ice beast hits you but does no damage.
Casting: Call Canine Familiar (dangerous; 2% risk of failure)
Confirm with . or Enter, or press ? or * to list all spells.
A guardian golem appears, shielding your allies.
Maurice zaps a wand.
The bolt of acid hits you! The acid corrodes you!
The bolt of acid hits your guardian golem!!
The acid corrodes your guardian golem!
Your quokka bites the ice beast but does no damage.
Your hound bites the ice beast.
Your quokka closely misses the ice beast.
The ice beast barely misses you.
You hit Maurice but do no damage.
Maurice is heavily wounded.
Your hound bites the ice beast.
Maurice zaps a wand.
The bolt of acid hits you!!
Ouch! That really hurt!
You die...

.....### ##..####.....###..###
.......# ##....#.........#...##
......##
##........###.........#
###...##
##...#......#####...####
###..###...##.......## ##.##
#####......####....#...###.##
#..#..##.[)####...###..##..#
###..###..[..##R..# ##..#.##
##..## #......r@@9# #....#
...## ##..##...Yr.# ##...# ..##
#...#####h.## ##.##### .##
#..## ##..## #.....# .###
##..## ##..## ##....##
...###....#######...###......##
.............##......#........#
##.......................######
###.....######.........###


You could see the friendly Nenetl the knight (sheltered), Maurice (swift,
invisible, ally target), an ice beast (ally target), a friendly guardian golem
(summoned, corroded), a friendly hound (summoned, sheltered) and 2 friendly
quokkas.

Vanquished Creatures
  An adder (D:3)
  2 dart slugs (D:1)
  A ball python (D:1)
  A bat (D:3)
  An endoplasm (D:4)
  2 goblins
  2 hobgoblins
  A kobold (D:1)
  A quokka (D:1)
  2 frilled lizards (D:1)
  A rat (D:1)
15 creatures vanquished.

Vanquished Creatures (collateral kills)
  A black bear (D:6)
  3 ice beasts
  A necrophage (D:3)
  3 sky beasts
  A wolf (D:8)
  An ogre (D:3)
  A phantom (D:5)
  A centaur (D:7)
  A kobold brigand (D:6)
  2 bullfrogs (D:7)
  3 scorpions (D:5)
  A water moccasin skeleton (D:4)
  A water moccasin zombie (D:5)
  2 wights (D:7)
  2 bullfrog skeletons
  A jelly (D:5)
  5 hounds
  An orc priest (D:5)
  2 iguanas
  An orc wizard (D:5)
  A hound zombie (D:5)
  A howler monkey zombie (D:5)
  3 adders
  8 gnolls
  A white imp (D:7)
  A worm (D:2)
  A dart slug (D:2)
  4 orcs
  9 endoplasms
  2 giant cockroaches
  8 goblins
  7 hobgoblins
  13 kobolds
  3 quokkas
  2 ball pythons
  4 bats
  9 frilled lizards
  2 rats
113 creatures vanquished.

Vanquished Creatures (others)
  A troll (D:6)
  Grum (D:8)
  A wolf (D:8)
  A wight (D:7)
  An orc priest (D:5)
  2 orc wizards (D:5)
  An orc (D:5)
8 creatures vanquished.

Grand Total: 136 creatures vanquished

Notes
Turn   | Place    | Note
-------+----------+-------------------------------------------
     0 | D:1      | Descartes the Deep Elf Wanderer began the quest for the
                  | Orb.
     0 | D:1      | Descartes set off with the following items: a +0 dagger, 11
                  | poisoned darts, a +2 leather armour; and the following
                  | spell memorised: Summon Small Mammal; and the following
                  | spells available to memorise: Call Canine Familiar
     0 | D:1      | Reached XP level 1. HP: 12/12 MP: 5/5
   502 | D:1      | Reached XP level 2. HP: 16/16 MP: 0/6
   775 | D:1      | Found a faded altar of an unknown god.
   946 | D:1      | Prayed at the altar of an unknown god.
   946 | D:1      | Became a worshipper of Hepliaklqana the Forgotten
   946 | D:1      | Reached * piety under Hepliaklqana
  1552 | D:1      | Reached XP level 3. HP: 17/18 MP: 7/7
  2114 | D:2      | Reached ** piety under Hepliaklqana
  2115 | D:2      | Remembered your ancestor Nenetl as a knight
  2471 | D:2      | Learned a level 3 spell: Call Canine Familiar
  2866 | D:3      | Reached XP level 4. HP: 22/22 MP: 4/8
  2915 | D:3      | Reached skill level 1 in Stealth
  3150 | D:3      | Noticed a necrophage
  3161 | D:3      | Killed a necrophage
  3162 | D:3      | Reached XP level 5. HP: 26/26 MP: 4/11
  3387 | D:3      | Found a radiant altar of Vehumet.
  4195 | D:3      | Found a hazy altar of Hepliaklqana.
  4431 | D:3      | Noticed an ogre
  4443 | D:3      | Killed an ogre
  4444 | D:3      | Reached XP level 6. HP: 30/30 MP: 1/13
  4604 | D:3      | Found a shadowy altar of Dithmenos.
  4816 | D:4      | Found a staircase to the Ecumenical Temple.
  4838 | D:4      | Learned a level 3 spell: Summon Guardian Golem
  4840 | Temple   | Entered the Ecumenical Temple
  5124 | D:4      | Reached skill level 5 in Summonings
  5221 | D:4      | Reached skill level 1 in Hexes
  5399 | D:4      | Reached skill level 5 in Dodging
  5489 | D:4      | Identified the +2 leather armour of a treasure trove
                  | {Regen+ SInv}
  5541 | D:4      | Reached *** piety under Hepliaklqana
  5718 | D:4      | Found a sparkling altar of Nemelex Xobeh.
  6021 | D:5      | Entered Level 5 of the Dungeon
  6032 | D:5      | Noticed an ice beast
  6051 | D:5      | Killed an ice beast
  6052 | D:5      | Reached skill level 1 in Conjurations
  6052 | D:5      | Reached XP level 7. HP: 34/34 MP: 5/15
  6626 | D:5      | Reached skill level 1 in Invocations
  6626 | D:5      | Reached skill level 1 in Evocations
  6784 | D:5      | Reached XP level 8. HP: 32/38 MP: 7/17
  6788 | D:5      | Reached skill level 5 in Spellcasting
  7006 | D:5      | Learned a level 7 spell: Spellforged Servitor
  7445 | D:5      | Reached **** piety under Hepliaklqana
  7821 | D:6      | Found a sacrificial altar of Ru.
  7840 | D:6      | Reached skill level 5 in Stealth
  7953 | D:6      | Noticed a troll
  7965 | D:6      | Killed a troll
  8177 | D:6      | Found a transporter.
  8179 | D:6      | Noticed a two-headed ogre
  8181 | D:6      | Found a transporter.
  8186 | D:6      | Noticed ciphuk's ghost (amateur FeFE)
  8864 | D:6      | Found an ornate altar of the Wu Jian Council.
  8871 | D:6      | Reached ***** piety under Hepliaklqana
  9103 | D:7      | Reached XP level 9. HP: 42/42 MP: 10/18
  9733 | D:7      | Reached skill level 5 in Hexes
 10545 | D:8      | Noticed Grum
 10553 | D:8      | Killed Grum
 10566 | D:8      | Noticed Maurice
 10645 | D:7      | Killed from afar by Maurice

Illustrated notes

Levels and vault maps discovered:
D:1:      onia_arrival_mini_maze_b, layout_basic,
          dreamdust_ecumenical_altar_angels_and_demons, minmay_lizard_pond
D:2:      layout_loops_ring
D:3:      layout_loops_ring, grunt_dithmenos_smoke_and_mirrors,
          lemuel_round_altar, vehumet_altar_wand_db,
          kennysheep_cross_bottleneck, minmay_puff
D:4:      layout_basic, nemelex_dance_club_becter,
          minmay_temple_entry_offerings, minmay_goblin_kobold_house
D:5:      layout_layer_cave, minivault_14, minmay_stone_trees_small,
          small_statue_intersection, kennysheep_generic_room_4
D:6:      layout_cave_pods, nicolae_ru_awakened_eye,
          mainiacjoe_overflow_alcove_1, gammafunk_ghost_smash,
          chequers_serial_rivers_micro_c
D:7:      layout_layer_cave
D:8:      layout_layer_cave, tso_altar, uniq_maurice, uniq_grum
Temple:   minmay_temple_bridge_abc

Skill      XL: |  1  2  3  4  5  6  7  8  9 |
---------------+----------------------------+-----
Summonings     | 2 3 4 5 6 |  6.7
Stealth        | 2 3 4 5 6 |  6.2
Spellcasting   | 3 4 5 |  5.2
Dodging        | 4 5 6 |  6.9
Hexes          | 1 2 4 5 |  5.3
Conjurations   | 1 2 3 4 |  4.3
Invocations    | 1 3 4 |  4.0
Evocations     | 1 3 |  3.8
Fighting       | |  1.0
Throwing       | |  3.0
Armour         | |  1.0

Action                   |  1- 3 |  4- 6 |  7- 9 || total
-------------------------+-------+-------+-------++-------
Melee: Dagger            |    72 |       |       ||    72
       Whip              |       |     9 |    18 ||    27
 Cast: Summon Small Mamm |    65 |    72 |    73 ||   210
       Call Canine Famil |     4 |    10 |    38 ||    52
       Summon Guardian G |       |     1 |    31 ||    32
Invok: Recall Ancestor   |     1 |       |       ||     1
       Ancestor Identity |     1 |       |       ||     1
       Ancestor Life: Kn |     1 |       |       ||     1
Evoke: Wand              |       |       |     1 ||     1
 Stab: Distracted        |       |       |     1 ||     1
Armor: Leather armour    |    39 |     1 |    15 ||    55
       Scale mail        |       |     7 |       ||     7
Dodge: Dodged            |    85 |    14 |    26 ||   125
